 Dungeon Crawl Stone Soup version 0.28.0-53-g5a82cb258f (webtiles) character file.

Game seed: 8680442882506363520

64 Sin92 the Skirmisher (level 3, -1/29 HPs)
             Began as a Demonspawn Fighter on June 2, 2022.
             Slain by Terence
             ... wielding a +2 flail of protection
              (8 damage)
             ... on level 2 of the Dungeon.
             The game lasted 00:01:28 (1538 turns).

Sin92 the Skirmisher (Demonspawn Fighter)           Turns: 1538, Time: 00:01:28

Health: -1/29      AC:  7    Str: 18    XL:     3   Next: 91%
Magic:  3/3        EV:  9    Int:  9    God:
Gold:   106        SH:  4    Dex: 12    Spells: 2/2 levels left

rFire   . . .      SeeInvis .   a - +0 war axe
rCold   . . .      Faith    .   c - +0 buckler
rNeg    . . .      Spirit   .   b - +0 scale mail
rPois   .          Reflect  .   g - +0 helmet
rElec   .          Harm     .   (no cloak)
rCorr   .          Rampage  .   (no gloves)
Will    .....                   (no boots)
Stlth   ..........              (no amulet)
HPRegen 0.09/turn               (no ring)
MPRegen 0.08/turn               (no ring)

@: mighty
A: hooves 1
a: no special abilities


You were on level 2 of the Dungeon.
You visited 1 branch of the dungeon, and saw 2 of its levels.

You collected 106 gold pieces.

Inventory:

Hand Weapons
 a - a +0 war axe (weapon)
Armour
 b - a +0 scale mail (worn)
 c - a +0 buckler (worn)
 g - a +0 helmet (worn)
Scrolls
 e - 2 scrolls of identify {unknown}
 f - a scroll of vulnerability {unknown}
 h - a scroll of immolation {unknown}


   Skills:
 + Level 3.3 Fighting
 * Level 2.6 Axes
 + Level 2.9 Armour
 + Level 1.1 Dodging
 + Level 3.1 Shields


You had 2 spell levels left.
You didn't know any spells.
Your spell library was empty.

Dungeon Overview and Level Annotations

Branches:
Dungeon (2/15)

Altars:

Annotations:
D:2 Terence


Innate Abilities, Weirdness & Mutations

You have large cloven feet.


Message History

Terence is nearby!
Terence says, "You're history."
Terence is nearby!
Terence hits you with a +2 flail of protection.
Unknown command.
You hit Terence but do no damage. You block Terence's attack.
Terence hits you with a +2 flail of protection.
Unknown command.
Terence is nearby!
You hit Terence.
Terence is lightly wounded.
You block Terence's attack.
Unknown command.
Terence is nearby!
You hit Terence. You kick Terence, but do no damage.
Terence is moderately wounded.
You block Terence's attack. x2
Unknown command.
Terence is nearby!
You closely miss Terence.
Terence is moderately wounded.
Terence hits you with a +2 flail of protection.
Unknown command.
Terence is nearby!
You hit Terence. Your kick misses Terence.
Terence is heavily wounded.
Terence hits you with a +2 flail of protection!
* * * LOW HITPOINT WARNING * * *
Unknown command.
Terence is nearby!
You are too injured to fight recklessly!
Terence is nearby!
Unknown command.
You are too injured to fight recklessly!
Unknown command.
Terence is nearby!
You are too injured to fight recklessly!
You feel very mighty all of a sudden.
Terence hits you with a +2 flail of protection!
You die...

###.##########.##.
......@@..........
###.#####[####.##.
##...## #.....#
##...## ##.## #.#
#.# #># #.# #.#
##'##


You could see Terence.

Vanquished Creatures
  Robin (D:2)
  2 dart slugs
  A bat (D:1)
  An endoplasm (D:2)
  3 giant cockroaches
  11 goblins
  3 hobgoblins
  4 jackals (D:2)
  3 kobolds
  2 quokkas
  6 ball pythons (D:1)
  3 frilled lizards
  2 rats (D:1)
42 creatures vanquished.

Notes
Turn   | Place    | Note
-------+----------+-------------------------------------------
     0 | D:1      | Sin92 the Demonspawn Fighter began the quest for the Orb.
     0 | D:1      | Reached XP level 1. HP: 18/18 MP: 1/1
   175 | D:1      | Gained mutation: You have large cloven feet. [demonic
                  | ancestry]
   175 | D:1      | Reached XP level 2. HP: 12/24 MP: 2/2
  1123 | D:2      | Reached XP level 3. HP: 26/29 MP: 3/3
  1310 | D:2      | Noticed Robin
  1315 | D:2      | Reached skill level 1 in Dodging
  1323 | D:2      | Killed Robin
  1529 | D:2      | Noticed Terence
  1538 | D:2      | Slain by Terence

Illustrated notes

Levels and vault maps discovered:
D:1:      minmay_arrival_widening_spiral_wide, layout_basic
D:2:      layout_loops_corners, hellmonk_ecumenical_altar_inner_sanctum,
          uniq_robin, uniq_terence

Skill      XL: |  1  2  3 |
---------------+----------+-----
Axes           | 2 |  2.6
Shields        | 3 |  3.1
Dodging        | 1 |  1.1
Fighting       | |  3.3
Armour         | |  2.9

Action                   || total
-------------------------++-------
Melee: War axe           ||    84
       Kick              ||    10
  Use: Potion            ||     1
Armor: Scale mail        ||    54
Dodge: Dodged            ||    36
Block: Buckler           ||    24
